[ AOE2 MATCH · #477282926 ]
UnrankedBulgarians vs Teutons
[ REPLAY ANALYSIS · EXTRACTED FROM THE RECORDED GAME ]
Feudal
13:12
Castle
25:52
Imperial
37:12
| APM avg | 16.7 |
| APM peak | 40 |
| eAPM avg | 11.1 |
| Villagers / military | 87 / 238 |
Focus
⚔️ 40.7% · 🌾 59.3%
Konnik ×49 · Cavalry Archer ×49 · Militia ×45 · Spearman ×32 · Scorpion ×27 · Trade Cart ×22
Feudal
13:15
Castle
19:24
Imperial
32:29
| APM avg | 14.5 |
| APM peak | 52 |
| eAPM avg | 12.7 |
| Villagers / military | 219 / 123 |
Focus
⚔️ 22.5% · 🌾 77.5%
Knight ×88 · Trade Cart ×12 · Teutonic Knight ×12 · Bombard Cannon ×7 · Mangonel ×6 · Trebuchet (Packed) ×5
Feudal
13:41
Castle
22:50
Imperial
34:45
| APM avg | 10.4 |
| APM peak | 28 |
| eAPM avg | 7.8 |
| Villagers / military | 78 / 281 |
Focus
⚔️ 32.6% · 🌾 67.4%
Spearman ×140 · Scorpion ×77 · Woad Raider ×40 · Trade Cart ×33 · Mangonel ×19 · Trebuchet (Packed) ×4
Feudal
14:30
Castle
24:05
Imperial
37:36
| APM avg | 15.3 |
| APM peak | 48 |
| eAPM avg | 12.4 |
| Villagers / military | 127 / 499 |
Focus
⚔️ 47.2% · 🌾 52.8%
Spearman ×202 · Scout Cavalry ×106 · Conquistador ×85 · Knight ×76 · Trade Cart ×25 · Bombard Cannon ×16
Feudal
14:06
Castle
21:34
Imperial
38:32
| APM avg | 19.0 |
| APM peak | 61 |
| eAPM avg | 13.8 |
| Villagers / military | 143 / 194 |
Focus
⚔️ 17.3% · 🌾 82.7%
Ballista Elephant ×190 · Trade Cart ×13 · Trebuchet (Packed) ×4
Feudal
13:08
Castle
21:28
Imperial
29:39
| APM avg | 13.1 |
| APM peak | 47 |
| eAPM avg | 10.9 |
| Villagers / military | 111 / 198 |
Focus
⚔️ 47.5% · 🌾 52.5%
Knight ×143 · Trade Cart ×33 · Militia ×18 · Scorpion ×12 · Bombard Cannon ×9 · Throwing Axeman ×6
Match map
Initial resources + every placement click. Lines = walls · curves = elevation contours. ◆ gold · ⬟ stone · ● berries · ✦ relic · ◌ wall gap
Your base· ✓ Closed at 25:52 · 28t walls · 1 gate(s)
Frog 2nd's base· ✓ Closed at 19:24 · 24t walls · no gate
thefoolss's base· ✓ Closed at 22:50 · 40t walls · no gate
Zedarr's base· ✓ Closed at 24:05 · 24t walls · no gate
Mert's base· ✓ Closed at 21:34 · 0t walls · no gate
32066588's base· ✓ Closed at 21:28 · 0t walls · no gate
Smoothed initial terrain · ◌ = detected wall gap · hover for details
Inputs per minute
— Alankidd07 - - Frog 2nd
Build order — Alankidd07
First 150 of 445 actions detected
| 0:05 | Build | House |
| 0:07 | Create | Villager (Male) |
| 0:07 | Create | Villager (Male) |
| 0:08 | Create | Villager (Male) |
| 0:08 | Create | Villager (Male) |
| 0:08 | Create | Villager (Male) |
| 0:25 | Build | Palisade Wall |
| 2:11 | Create | Villager (Male) |
| 2:12 | Create | Villager (Male) |
| 2:33 | Build | Palisade Wall |
| 2:43 | Create | Villager (Male) |
| 2:44 | Create | Villager (Male) |
| 2:44 | Create | Villager (Male) |
| 2:55 | Build | House |
| 2:57 | Build | House |
| 2:58 | Build | House |
| 2:59 | Build | House |
| 3:29 | Create | Villager (Male) |
| 3:29 | Create | Villager (Male) |
| 3:58 | Create | Villager (Male) |
| 3:59 | Create | Villager (Male) |
| 3:59 | Create | Villager (Male) |
| 5:39 | Create | Villager (Male) |
| 5:39 | Create | Villager (Male) |
| 5:40 | Create | Villager (Male) |
| 5:40 | Create | Villager (Male) |
| 6:28 | Create | Villager (Male) |
| 6:28 | Create | Villager (Male) |
| 6:28 | Create | Villager (Male) |
| 6:48 | Build | Mill |
| 7:35 | Create | Villager (Male) |
| 7:35 | Create | Villager (Male) |
| 7:36 | Create | Villager (Male) |
| 8:32 | Create | Villager (Male) |
| 8:32 | Create | Villager (Male) |
| 8:50 | Build | Mill |
| 9:09 | Build | Lumber Camp |
| 9:18 | Create | Villager (Male) |
| 9:51 | Create | Villager (Male) |
| 10:16 | Create | Villager (Male) |
| 10:21 | Build | Mining Camp |
| 11:02 | Research | Feudal Age |
| 11:02 | Research | Feudal Age |
| 11:24 | Build | Mining Camp |
| 12:09 | Build | Barracks |
| 13:05 | Create | Villager (Male) |
| 13:06 | Create | Villager (Male) |
| 13:06 | Create | Villager (Male) |
| 13:12 | Age | Feudal Age |
| 13:13 | Research | Double-Bit Axe |
| 13:16 | Research | Horse Collar |
| 13:40 | Build | Mill |
| 13:48 | Create | Villager (Male) |
| 13:48 | Create | Villager (Male) |
| 13:48 | Create | Villager (Male) |
| 13:49 | Create | Villager (Male) |
| 13:49 | Create | Villager (Male) |
| 14:18 | Create | Militia |
| 14:21 | Create | Militia |
| 14:40 | Build | House |
| 14:41 | Build | House |
| 14:42 | Build | House |
| 15:04 | Create | Militia |
| 15:46 | Build | Market |
| 15:51 | Create | Villager (Male) |
| 15:51 | Create | Villager (Male) |
| 15:55 | Create | Militia |
| 15:55 | Create | Militia |
| 16:10 | Build | Gate |
| 16:27 | Create | Militia |
| 16:27 | Create | Militia |
| 16:31 | Create | Militia |
| 16:35 | Create | Villager (Male) |
| 16:35 | Create | Villager (Male) |
| 16:36 | Create | Villager (Male) |
| 16:59 | Build | Blacksmith |
| 17:06 | Create | Trade Cart |
| 17:07 | Create | Trade Cart |
| 17:09 | Create | Trade Cart |
| 18:01 | Build | House |
| 18:02 | Build | House |
| 18:03 | Build | House |
| 18:04 | Build | House |
| 18:06 | Build | House |
| 18:10 | Create | Militia |
| 18:11 | Create | Militia |
| 18:27 | Build | Farm |
| 18:29 | Build | Farm |
| 18:30 | Build | Farm |
| 18:31 | Build | Farm |
| 18:33 | Build | Farm |
| 18:34 | Build | Farm |
| 18:37 | Create | Villager (Male) |
| 18:38 | Create | Villager (Male) |
| 18:38 | Create | Villager (Male) |
| 18:38 | Create | Villager (Male) |
| 19:38 | Create | Villager (Male) |
| 19:38 | Create | Villager (Male) |
| 19:38 | Create | Villager (Male) |
| 19:44 | Build | Farm |
| 19:45 | Build | Farm |
| 19:46 | Build | Farm |
| 19:49 | Build | Farm |
| 19:50 | Build | Farm |
| 19:51 | Build | Farm |
| 20:13 | Build | Farm |
| 20:14 | Build | Farm |
| 20:15 | Build | Farm |
| 20:16 | Build | Farm |
| 20:17 | Build | Farm |
| 20:23 | Create | Villager (Male) |
| 20:51 | Build | House |
| 20:52 | Build | House |
| 20:52 | Build | House |
| 20:53 | Build | House |
| 20:54 | Build | House |
| 21:04 | Create | Villager (Male) |
| 21:04 | Create | Villager (Male) |
| 21:22 | Create | Trade Cart |
| 21:23 | Create | Trade Cart |
| 21:23 | Create | Trade Cart |
| 22:21 | Create | Villager (Male) |
| 22:21 | Create | Villager (Male) |
| 22:34 | Build | Farm |
| 22:45 | Create | Trade Cart |
| 22:53 | Build | Farm |
| 22:58 | Research | Castle Age |
| 23:19 | Build | Mining Camp |
| 23:31 | Create | Trade Cart |
| 23:35 | Create | Trade Cart |
| 24:54 | Create | Trade Cart |
| 25:11 | Create | Villager (Male) |
| 25:12 | Create | Villager (Male) |
| 25:12 | Create | Villager (Male) |
| 25:12 | Create | Villager (Male) |
| 25:12 | Create | Villager (Male) |
| 25:12 | Create | Villager (Male) |
| 25:13 | Create | Villager (Male) |
| 25:13 | Create | Villager (Male) |
| 25:52 | Age | Castle Age |
| 25:58 | Build | Castle |
| 26:07 | Research | Bow Saw |
| 26:10 | Research | Heavy Plow |
| 26:10 | Research | Heavy Plow |
| 26:20 | Create | Trade Cart |
| 26:21 | Create | Trade Cart |
| 26:29 | Research | Forging |
| 26:29 | Research | Scale Mail Armor |
| 26:30 | Research | Scale Barding Armor |
| 26:50 | Build | Siege Workshop |
Build order — Frog 2nd
First 150 of 521 actions detected
| 0:04 | Create | Villager (Male) |
| 0:04 | Create | Villager (Male) |
| 0:04 | Create | Villager (Male) |
| 0:04 | Create | Villager (Male) |
| 0:06 | Build | House |
| 0:07 | Build | House |
| 0:10 | Build | House |
| 1:46 | Build | Mill |
| 1:55 | Create | Villager (Male) |
| 1:55 | Create | Villager (Male) |
| 2:19 | Create | Villager (Male) |
| 2:19 | Create | Villager (Male) |
| 2:44 | Create | Villager (Male) |
| 2:44 | Create | Villager (Male) |
| 2:49 | Create | Villager (Male) |
| 2:50 | Create | Villager (Male) |
| 3:22 | Create | Villager (Male) |
| 3:22 | Create | Villager (Male) |
| 3:27 | Create | Villager (Male) |
| 3:27 | Create | Villager (Male) |
| 3:53 | Create | Villager (Male) |
| 3:53 | Create | Villager (Male) |
| 4:13 | Create | Villager (Male) |
| 4:13 | Create | Villager (Male) |
| 4:45 | Create | Villager (Male) |
| 4:46 | Create | Villager (Male) |
| 5:24 | Build | House |
| 5:28 | Build | House |
| 5:57 | Build | Lumber Camp |
| 6:05 | Create | Villager (Male) |
| 6:05 | Create | Villager (Male) |
| 6:06 | Create | Villager (Male) |
| 6:22 | Create | Villager (Male) |
| 6:23 | Create | Villager (Male) |
| 6:26 | Build | Farm |
| 6:27 | Create | Villager (Male) |
| 6:28 | Create | Villager (Male) |
| 6:33 | Create | Villager (Male) |
| 6:33 | Create | Villager (Male) |
| 6:47 | Build | Farm |
| 7:06 | Build | Farm |
| 7:07 | Create | Villager (Male) |
| 7:07 | Create | Villager (Male) |
| 7:19 | Create | Villager (Male) |
| 7:27 | Build | Farm |
| 7:29 | Create | Villager (Male) |
| 7:30 | Research | Loom |
| 7:33 | Build | Farm |
| 7:45 | Build | Farm |
| 7:48 | Create | Villager (Male) |
| 7:48 | Create | Villager (Male) |
| 7:58 | Build | Farm |
| 8:00 | Build | Farm |
| 8:03 | Create | Villager (Male) |
| 8:03 | Create | Villager (Male) |
| 8:14 | Build | Farm |
| 8:15 | Create | Villager (Male) |
| 8:15 | Create | Villager (Male) |
| 8:34 | Create | Villager (Male) |
| 8:34 | Create | Villager (Male) |
| 8:41 | Create | Villager (Male) |
| 9:04 | Create | Villager (Male) |
| 9:04 | Create | Villager (Male) |
| 9:04 | Create | Villager (Male) |
| 9:15 | Build | Mining Camp |
| 9:58 | Build | House |
| 10:00 | Build | House |
| 10:02 | Build | House |
| 10:09 | Build | Mining Camp |
| 10:44 | Build | Farm |
| 10:46 | Build | Farm |
| 11:01 | Research | Feudal Age |
| 12:06 | Build | Barracks |
| 12:15 | Build | Farm |
| 13:15 | Age | Feudal Age |
| 13:16 | Research | Wheelbarrow |
| 13:17 | Research | Wheelbarrow |
| 13:18 | Research | Double-Bit Axe |
| 13:21 | Research | Horse Collar |
| 13:31 | Build | Archery Range |
| 13:38 | Build | Stone Wall |
| 13:51 | Build | Stone Wall |
| 13:55 | Create | Villager (Male) |
| 14:03 | Create | Villager (Male) |
| 14:36 | Create | Villager (Male) |
| 15:09 | Create | Villager (Male) |
| 15:53 | Build | Blacksmith |
| 15:54 | Create | Villager (Male) |
| 16:00 | Create | Villager (Male) |
| 16:32 | Research | Castle Age |
| 16:51 | Create | Archer |
| 16:58 | Research | Stone Mining |
| 17:18 | Build | Market |
| 18:23 | Build | Mining Camp |
| 18:44 | Research | Gold Mining |
| 19:05 | Build | Farm |
| 19:24 | Age | Castle Age |
| 19:25 | Research | Hand Cart |
| 19:25 | Research | Hand Cart |
| 19:27 | Research | Bow Saw |
| 19:30 | Research | Heavy Plow |
| 19:41 | Build | Town Center |
| 20:02 | Build | Town Center |
| 20:09 | Create | Villager (Male) |
| 20:09 | Create | Villager (Male) |
| 20:24 | Create | Villager (Male) |
| 20:24 | Create | Villager (Male) |
| 20:24 | Create | Villager (Male) |
| 20:31 | Create | Trade Cart |
| 21:03 | Build | Castle |
| 21:08 | Create | Villager (Male) |
| 21:08 | Create | Villager (Male) |
| 21:08 | Create | Villager (Male) |
| 21:15 | Create | Villager (Male) |
| 21:15 | Create | Villager (Male) |
| 21:26 | Create | Villager (Male) |
| 21:28 | Create | Villager (Male) |
| 21:32 | Create | Villager (Male) |
| 21:35 | Create | Villager (Male) |
| 21:48 | Build | Town Center |
| 21:52 | Create | Villager (Male) |
| 22:17 | Create | Villager (Male) |
| 22:25 | Build | Mining Camp |
| 22:31 | Build | House |
| 22:32 | Build | House |
| 22:34 | Build | House |
| 22:49 | Create | Villager (Male) ×4 |
| 22:49 | Create | Villager (Male) ×4 |
| 23:08 | Create | Villager (Male) |
| 23:10 | Create | Villager (Male) |
| 23:10 | Create | Villager (Male) |
| 23:14 | Create | Villager (Male) |
| 23:19 | Create | Villager (Male) |
| 23:23 | Create | Villager (Male) |
| 23:30 | Build | Farm |
| 23:30 | Build | Farm |
| 23:31 | Build | Farm |
| 23:31 | Build | Farm |
| 23:31 | Build | Farm |
| 23:32 | Build | Farm |
| 23:32 | Build | Farm |
| 23:32 | Build | Farm |
| 23:33 | Build | Farm |
| 23:34 | Build | Farm |
| 23:34 | Build | Farm |
| 23:34 | Build | Farm |
| 23:34 | Build | Farm |
| 23:35 | Build | Farm |
| 23:59 | Create | Villager (Male) |
| 24:02 | Create | Villager (Male) |
Build order — thefoolss
First 150 of 313 actions detected
| 0:04 | Research | Loom |
| 0:15 | Create | Villager (Male) |
| 0:15 | Create | Villager (Male) |
| 0:16 | Create | Villager (Male) |
| 0:16 | Create | Villager (Male) |
| 0:16 | Create | Villager (Male) |
| 0:23 | Build | House |
| 1:40 | Build | Palisade Wall |
| 2:28 | Create | Villager (Male) |
| 3:04 | Build | House |
| 3:10 | Create | Villager (Male) |
| 3:11 | Create | Villager (Male) |
| 3:34 | Build | Lumber Camp |
| 3:40 | Create | Villager (Male) |
| 4:17 | Create | Villager (Male) |
| 5:02 | Create | Villager (Male) |
| 5:02 | Create | Villager (Male) |
| 5:02 | Create | Villager (Male) |
| 5:21 | Build | House |
| 5:42 | Create | Villager (Male) |
| 6:42 | Create | Villager (Male) |
| 6:42 | Create | Villager (Male) |
| 6:43 | Create | Villager (Male) |
| 6:43 | Create | Villager (Male) |
| 6:44 | Create | Villager (Male) |
| 7:14 | Create | Villager (Male) |
| 7:14 | Create | Villager (Male) |
| 7:15 | Create | Villager (Male) |
| 7:54 | Build | Mill |
| 8:59 | Build | House |
| 9:21 | Create | Villager (Male) |
| 9:58 | Build | Mill |
| 10:02 | Create | Villager (Male) |
| 10:20 | Create | Villager (Male) |
| 10:56 | Create | Villager (Male) |
| 11:15 | Build | House |
| 11:31 | Research | Feudal Age |
| 11:43 | Build | Mining Camp |
| 13:39 | Create | Villager (Male) |
| 13:40 | Create | Villager (Male) |
| 13:40 | Create | Villager (Male) |
| 13:41 | Create | Villager (Male) |
| 13:41 | Age | Feudal Age |
| 13:52 | Research | Horse Collar |
| 14:24 | Build | Lumber Camp |
| 14:33 | Create | Villager (Male) |
| 14:34 | Create | Villager (Male) |
| 14:52 | Build | Mill |
| 15:15 | Create | Villager (Male) |
| 15:16 | Create | Villager (Male) |
| 15:54 | Build | House |
| 15:56 | Build | House |
| 15:59 | Build | House |
| 16:02 | Build | House |
| 16:03 | Build | House |
| 16:05 | Build | House |
| 16:07 | Build | House |
| 16:47 | Build | Farm |
| 16:47 | Build | Farm |
| 16:47 | Build | Farm |
| 17:07 | Build | Stone Wall |
| 17:13 | Build | Stone Wall |
| 17:44 | Build | Market |
| 18:07 | Create | Villager (Male) |
| 18:07 | Create | Villager (Male) |
| 18:07 | Create | Villager (Male) |
| 18:31 | Build | Blacksmith |
| 19:49 | Build | Watch Tower |
| 20:07 | Build | Mining Camp |
| 20:10 | Research | Castle Age |
| 21:03 | Build | Farm |
| 21:04 | Build | Farm |
| 21:11 | Build | Farm |
| 21:18 | Build | Farm |
| 21:27 | Build | Farm |
| 21:35 | Research | Stone Mining |
| 21:47 | Build | Farm |
| 21:48 | Build | Farm |
| 21:49 | Build | Farm |
| 21:50 | Build | Farm |
| 21:52 | Build | Farm |
| 21:53 | Build | Farm |
| 21:54 | Build | Farm |
| 22:20 | Build | Stone Wall |
| 22:27 | Build | Stone Wall |
| 22:28 | Build | Stone Wall |
| 22:29 | Build | Stone Wall |
| 22:48 | Research | Double-Bit Axe |
| 22:50 | Age | Castle Age |
| 22:57 | Research | Wheelbarrow |
| 23:10 | Create | Trade Cart |
| 23:10 | Create | Trade Cart |
| 23:10 | Create | Trade Cart |
| 23:21 | Build | Mining Camp |
| 23:28 | Research | Stone Shaft Mining |
| 23:28 | Research | Gold Mining |
| 23:36 | Create | Villager (Male) |
| 23:37 | Create | Villager (Male) |
| 23:37 | Create | Villager (Male) |
| 23:50 | Build | Town Center |
| 23:56 | Build | Farm |
| 23:57 | Build | Farm |
| 23:58 | Build | Farm |
| 23:59 | Build | Farm |
| 24:00 | Build | Farm |
| 24:02 | Build | Farm |
| 24:31 | Research | Bow Saw |
| 24:42 | Research | Heavy Plow |
| 24:56 | Research | Town Watch |
| 25:04 | Create | Villager (Male) ×2 |
| 25:05 | Create | Villager (Male) ×2 |
| 25:28 | Build | Monastery |
| 25:38 | Build | House |
| 25:39 | Build | House |
| 25:40 | Build | House |
| 26:03 | Research | Hand Cart |
| 26:51 | Create | Monk |
| 27:11 | Build | University |
| 27:42 | Create | Villager (Male) |
| 27:42 | Create | Villager (Male) |
| 27:43 | Create | Villager (Male) |
| 27:49 | Create | Villager (Male) |
| 27:50 | Create | Villager (Male) |
| 27:50 | Create | Villager (Male) |
| 27:50 | Create | Villager (Male) |
| 27:53 | Create | Villager (Male) |
| 28:18 | Build | Town Center |
| 28:54 | Research | Fortified Wall (upgrade) |
| 29:04 | Create | Villager (Male) |
| 29:04 | Create | Villager (Male) |
| 29:04 | Create | Villager (Male) |
| 29:05 | Create | Villager (Male) |
| 29:05 | Create | Villager (Male) |
| 29:05 | Create | Villager (Male) |
| 29:06 | Create | Villager (Male) |
| 29:17 | Research | Gold Shaft Mining |
| 30:04 | Create | Villager (Male) |
| 30:05 | Create | Villager (Male) |
| 30:05 | Create | Villager (Male) |
| 30:05 | Create | Villager (Male) |
| 30:06 | Create | Villager (Male) |
| 30:45 | Build | Market |
| 31:03 | Build | Market |
| 31:12 | Create | Trade Cart |
| 31:35 | Research | Imperial Age |
| 31:45 | Create | Trade Cart ×3 |
| 31:46 | Create | Trade Cart ×3 |
| 32:15 | Build | Gate |
| 32:29 | Build | Gate |
| 32:43 | Build | Castle |
Build order — Zedarr
First 150 of 570 actions detected
| 0:09 | Build | House |
| 0:15 | Create | Villager (Male) |
| 0:16 | Create | Villager (Male) |
| 0:16 | Create | Villager (Male) |
| 0:16 | Create | Villager (Male) |
| 0:26 | Research | Loom |
| 0:26 | Research | Loom |
| 0:26 | Create | Villager (Male) |
| 0:26 | Create | Villager (Male) |
| 0:27 | Create | Villager (Male) |
| 0:27 | Create | Villager (Male) |
| 0:27 | Create | Villager (Male) |
| 1:36 | Build | Palisade Wall |
| 2:54 | Build | House |
| 2:58 | Create | Villager (Male) |
| 2:59 | Create | Villager (Male) |
| 2:59 | Create | Villager (Male) |
| 3:25 | Create | Villager (Male) |
| 3:25 | Create | Villager (Male) |
| 3:37 | Build | Mining Camp |
| 3:49 | Create | Villager (Male) |
| 3:49 | Create | Villager (Male) |
| 4:46 | Build | House |
| 4:52 | Create | Villager (Male) |
| 4:52 | Create | Villager (Male) |
| 5:31 | Create | Villager (Male) |
| 5:32 | Create | Villager (Male) |
| 5:32 | Create | Villager (Male) |
| 6:08 | Create | Villager (Male) |
| 6:08 | Create | Villager (Male) |
| 6:31 | Build | Mill |
| 6:55 | Create | Villager (Male) |
| 6:56 | Create | Villager (Male) |
| 6:56 | Create | Villager (Male) |
| 7:39 | Create | Villager (Male) |
| 7:39 | Create | Villager (Male) |
| 7:41 | Create | Villager (Male) |
| 7:41 | Create | Villager (Male) |
| 7:48 | Build | House |
| 8:26 | Build | Lumber Camp |
| 8:40 | Create | Villager (Male) |
| 8:40 | Create | Villager (Male) |
| 8:40 | Create | Villager (Male) |
| 10:19 | Create | Villager (Male) |
| 10:35 | Create | Villager (Male) |
| 10:36 | Create | Villager (Male) |
| 10:36 | Create | Villager (Male) |
| 10:36 | Create | Villager (Male) |
| 10:36 | Create | Villager (Male) |
| 12:07 | Build | House |
| 12:20 | Research | Feudal Age |
| 12:20 | Research | Feudal Age |
| 12:36 | Build | Mill |
| 14:02 | Create | Villager (Male) |
| 14:02 | Create | Villager (Male) |
| 14:02 | Create | Villager (Male) |
| 14:03 | Create | Villager (Male) |
| 14:30 | Age | Feudal Age |
| 14:36 | Research | Wheelbarrow |
| 14:37 | Create | Villager (Male) |
| 14:38 | Create | Villager (Male) |
| 14:46 | Research | Double-Bit Axe |
| 15:00 | Build | Market |
| 15:52 | Build | Stone Wall |
| 16:20 | Create | Villager (Male) |
| 16:20 | Create | Villager (Male) |
| 16:25 | Create | Villager (Male) |
| 16:25 | Create | Villager (Male) |
| 16:28 | Research | Horse Collar |
| 16:29 | Research | Horse Collar |
| 16:40 | Build | Farm |
| 16:40 | Build | Farm |
| 16:41 | Build | Farm |
| 16:46 | Build | Farm |
| 16:59 | Build | House |
| 17:11 | Build | House |
| 17:11 | Build | House |
| 17:11 | Build | House |
| 17:12 | Build | House |
| 17:12 | Build | House |
| 17:12 | Build | House |
| 17:13 | Build | House |
| 17:14 | Build | House |
| 17:27 | Build | Farm |
| 17:27 | Build | Farm |
| 17:28 | Build | Farm |
| 17:29 | Build | Farm |
| 17:30 | Build | Farm |
| 17:31 | Build | Farm |
| 17:32 | Build | Farm |
| 17:35 | Build | Farm |
| 17:36 | Build | Farm |
| 18:07 | Build | Mining Camp |
| 18:23 | Build | Farm |
| 18:25 | Create | Villager (Male) |
| 18:25 | Create | Villager (Male) |
| 18:25 | Create | Villager (Male) |
| 18:26 | Create | Villager (Male) |
| 18:34 | Research | Gold Mining |
| 18:40 | Research | Stone Mining |
| 18:40 | Research | Stone Mining |
| 20:16 | Build | Blacksmith |
| 21:12 | Build | Farm |
| 21:16 | Build | Farm |
| 21:17 | Build | Farm |
| 21:20 | Build | Farm |
| 21:20 | Build | Farm |
| 21:25 | Research | Castle Age |
| 21:26 | Research | Castle Age |
| 21:36 | Create | Trade Cart |
| 21:37 | Create | Trade Cart |
| 21:37 | Create | Trade Cart |
| 24:05 | Age | Castle Age |
| 24:12 | Build | Town Center |
| 24:15 | Research | Bow Saw |
| 24:20 | Create | Villager (Male) |
| 24:21 | Create | Villager (Male) |
| 24:21 | Create | Villager (Male) |
| 24:21 | Create | Villager (Male) |
| 24:21 | Create | Villager (Male) |
| 24:22 | Create | Villager (Male) |
| 24:22 | Create | Villager (Male) |
| 24:22 | Create | Villager (Male) |
| 24:35 | Research | Heavy Plow |
| 24:48 | Research | Stone Shaft Mining |
| 25:00 | Create | Villager (Male) |
| 25:01 | Create | Villager (Male) |
| 25:01 | Create | Villager (Male) |
| 25:01 | Create | Villager (Male) |
| 25:02 | Create | Villager (Male) |
| 25:02 | Create | Villager (Male) |
| 25:02 | Create | Villager (Male) |
| 25:03 | Create | Villager (Male) |
| 25:03 | Create | Villager (Male) |
| 26:15 | Build | Town Center |
| 26:22 | Create | Villager (Male) |
| 26:23 | Create | Villager (Male) |
| 26:23 | Create | Villager (Male) |
| 26:23 | Create | Villager (Male) |
| 26:27 | Create | Villager (Male) |
| 26:27 | Create | Villager (Male) |
| 26:28 | Create | Villager (Male) |
| 26:28 | Create | Villager (Male) |
| 26:29 | Create | Villager (Male) |
| 26:29 | Create | Villager (Male) |
| 27:33 | Build | Outpost |
| 27:38 | Research | Town Watch |
| 27:52 | Create | Villager (Male) |
| 27:52 | Create | Villager (Male) |
| 27:54 | Create | Villager (Male) |
Build order — Mert
First 150 of 488 actions detected
| 0:11 | Create | Villager (Male) |
| 0:12 | Research | Loom |
| 0:12 | Create | Villager (Male) |
| 0:12 | Create | Villager (Male) |
| 0:13 | Create | Villager (Male) |
| 0:13 | Create | Villager (Male) |
| 0:25 | Build | House |
| 0:25 | Build | House |
| 0:26 | Build | House |
| 0:26 | Build | House |
| 0:26 | Build | House |
| 0:27 | Build | House |
| 0:27 | Build | House |
| 0:28 | Build | House |
| 0:28 | Build | House |
| 0:28 | Build | House |
| 2:04 | Create | Villager (Male) |
| 2:04 | Create | Villager (Male) |
| 2:18 | Build | Mill |
| 2:38 | Create | Villager (Male) |
| 2:38 | Create | Villager (Male) |
| 3:15 | Create | Villager (Male) |
| 3:15 | Create | Villager (Male) |
| 3:40 | Create | Villager (Male) |
| 3:40 | Create | Villager (Male) |
| 4:10 | Create | Villager (Male) |
| 4:10 | Create | Villager (Male) |
| 4:10 | Create | Villager (Male) |
| 5:06 | Create | Villager (Male) |
| 5:16 | Create | Villager (Male) |
| 5:56 | Build | Lumber Camp |
| 6:07 | Create | Villager (Male) |
| 6:25 | Create | Villager (Male) |
| 6:42 | Build | Lumber Camp |
| 7:06 | Create | Villager (Male) |
| 7:26 | Create | Villager (Male) |
| 7:34 | Create | Villager (Male) |
| 8:14 | Create | Villager (Male) |
| 8:41 | Create | Villager (Male) |
| 9:09 | Create | Villager (Male) |
| 9:34 | Create | Villager (Male) |
| 9:57 | Create | Villager (Male) |
| 10:09 | Build | House |
| 10:57 | Build | House |
| 11:16 | Create | Villager (Male) |
| 11:31 | Build | House |
| 11:56 | Research | Feudal Age |
| 12:04 | Build | Farm |
| 12:05 | Build | Farm |
| 12:06 | Build | Farm |
| 12:07 | Build | Farm |
| 12:08 | Build | Farm |
| 12:08 | Build | Farm |
| 12:09 | Build | Farm |
| 12:10 | Build | Farm |
| 12:47 | Create | Villager (Male) |
| 12:47 | Create | Villager (Male) |
| 12:55 | Build | House |
| 12:55 | Build | House |
| 12:55 | Build | House |
| 12:56 | Build | House |
| 12:56 | Build | House |
| 12:56 | Build | House |
| 12:56 | Build | House |
| 12:57 | Build | House |
| 12:57 | Build | House |
| 12:57 | Build | House |
| 12:57 | Build | House |
| 12:57 | Build | House |
| 12:58 | Build | House |
| 12:58 | Build | House |
| 12:58 | Build | House |
| 12:59 | Build | House |
| 14:06 | Age | Feudal Age |
| 14:10 | Create | Villager (Male) |
| 14:10 | Create | Villager (Male) |
| 14:16 | Research | Horse Collar |
| 14:19 | Research | Double-Bit Axe |
| 15:13 | Build | Market |
| 15:18 | Create | Villager (Male) |
| 15:35 | Build | Farm |
| 15:37 | Build | Farm |
| 15:38 | Build | Farm |
| 15:39 | Build | Farm |
| 15:40 | Build | Farm |
| 15:41 | Build | Farm |
| 15:44 | Build | Farm |
| 15:58 | Create | Villager (Male) |
| 16:26 | Create | Villager (Male) |
| 17:05 | Create | Villager (Male) |
| 17:27 | Build | Blacksmith |
| 17:39 | Create | Villager (Male) |
| 17:39 | Create | Villager (Male) |
| 18:26 | Build | House |
| 18:29 | Create | Villager (Male) |
| 18:39 | Research | Castle Age |
| 18:53 | Build | Farm |
| 19:07 | Build | Farm |
| 19:53 | Build | Mill |
| 20:09 | Build | Lumber Camp |
| 20:12 | Create | Villager (Male) |
| 20:12 | Create | Villager (Male) |
| 20:12 | Create | Villager (Male) |
| 20:58 | Build | House |
| 21:08 | Create | Villager (Male) |
| 21:34 | Age | Castle Age |
| 21:39 | Build | Town Center |
| 22:11 | Create | Trade Cart |
| 22:11 | Create | Trade Cart |
| 22:11 | Create | Trade Cart |
| 22:11 | Create | Trade Cart |
| 22:12 | Create | Trade Cart |
| 22:12 | Create | Trade Cart |
| 22:12 | Create | Trade Cart |
| 22:12 | Create | Trade Cart |
| 22:13 | Create | Trade Cart |
| 22:19 | Build | House |
| 22:28 | Research | Bow Saw |
| 23:18 | Build | Town Center |
| 23:33 | Build | Town Center |
| 23:38 | Create | Villager (Male) |
| 23:39 | Create | Villager (Male) |
| 23:39 | Create | Villager (Male) |
| 23:39 | Create | Villager (Male) |
| 23:39 | Create | Villager (Male) |
| 23:39 | Create | Villager (Male) |
| 23:40 | Create | Villager (Male) |
| 23:40 | Create | Villager (Male) |
| 23:40 | Create | Villager (Male) |
| 23:40 | Create | Villager (Male) |
| 23:40 | Create | Villager (Male) |
| 23:41 | Create | Villager (Male) |
| 23:41 | Create | Villager (Male) |
| 23:49 | Build | House |
| 24:05 | Research | Heavy Plow |
| 24:50 | Build | Town Center |
| 24:54 | Create | Villager (Male) |
| 24:55 | Create | Villager (Male) |
| 24:55 | Create | Villager (Male) |
| 24:55 | Create | Villager (Male) |
| 25:01 | Build | House |
| 25:37 | Create | Villager (Male) |
| 25:38 | Create | Villager (Male) |
| 25:38 | Create | Villager (Male) |
| 25:38 | Create | Villager (Male) |
| 25:38 | Create | Villager (Male) |
| 25:39 | Create | Villager (Male) |
| 25:46 | Build | Lumber Camp |
| 26:09 | Create | Villager (Male) |
| 26:09 | Create | Villager (Male) |
Build order — 32066588
First 150 of 522 actions detected
| 0:08 | Research | Loom |
| 0:09 | Create | Villager (Male) |
| 0:09 | Create | Villager (Male) |
| 0:10 | Create | Villager (Male) |
| 0:10 | Create | Villager (Male) |
| 0:10 | Create | Villager (Male) |
| 0:21 | Build | House |
| 0:25 | Build | House |
| 0:27 | Build | House |
| 0:29 | Build | House |
| 2:53 | Create | Villager (Male) |
| 2:53 | Create | Villager (Male) |
| 3:15 | Create | Villager (Male) |
| 3:15 | Create | Villager (Male) |
| 3:30 | Build | Lumber Camp |
| 3:37 | Create | Villager (Male) |
| 3:38 | Create | Villager (Male) |
| 3:59 | Create | Villager (Male) |
| 3:59 | Create | Villager (Male) |
| 4:12 | Create | Villager (Male) |
| 4:27 | Create | Villager (Male) |
| 4:44 | Create | Villager (Male) |
| 4:44 | Create | Villager (Male) |
| 5:31 | Create | Villager (Male) |
| 5:31 | Create | Villager (Male) |
| 5:33 | Create | Villager (Male) |
| 5:55 | Create | Villager (Male) |
| 5:55 | Create | Villager (Male) |
| 7:07 | Create | Villager (Male) |
| 7:08 | Create | Villager (Male) |
| 7:08 | Create | Villager (Male) |
| 8:13 | Create | Villager (Male) |
| 8:13 | Create | Villager (Male) |
| 8:13 | Create | Villager (Male) |
| 8:34 | Build | Mill |
| 8:58 | Create | Villager (Male) |
| 9:24 | Build | Mill |
| 10:58 | Research | Feudal Age |
| 11:24 | Build | Barracks |
| 11:29 | Build | Mining Camp |
| 12:06 | Create | Villager (Male) |
| 12:06 | Create | Villager (Male) |
| 12:38 | Build | Lumber Camp |
| 13:08 | Age | Feudal Age |
| 13:21 | Build | House |
| 13:22 | Build | House |
| 13:23 | Build | House |
| 13:32 | Create | Villager (Male) |
| 13:32 | Create | Villager (Male) |
| 13:33 | Create | Villager (Male) |
| 13:35 | Research | Double-Bit Axe |
| 13:37 | Create | Villager (Male) |
| 13:37 | Create | Villager (Male) |
| 13:37 | Create | Villager (Male) |
| 13:38 | Create | Villager (Male) |
| 13:38 | Create | Villager (Male) |
| 13:38 | Create | Villager (Male) |
| 13:38 | Create | Villager (Male) |
| 13:47 | Build | Farm |
| 13:47 | Build | Farm |
| 13:47 | Build | Farm |
| 13:47 | Build | Farm |
| 13:48 | Build | Farm |
| 13:48 | Build | Farm |
| 13:48 | Build | Farm |
| 13:49 | Build | Farm |
| 13:49 | Build | Farm |
| 13:49 | Build | Farm |
| 13:50 | Build | Farm |
| 13:50 | Build | Farm |
| 13:50 | Build | Farm |
| 14:37 | Build | Farm |
| 14:38 | Build | Farm |
| 14:38 | Build | Farm |
| 14:50 | Build | Farm |
| 14:51 | Build | Farm |
| 14:52 | Build | Farm |
| 14:53 | Build | Farm |
| 14:54 | Build | Farm |
| 16:00 | Build | Farm |
| 16:00 | Build | Farm |
| 16:01 | Build | Farm |
| 16:25 | Build | Market |
| 16:30 | Build | Blacksmith |
| 16:48 | Build | Farm |
| 16:54 | Build | Farm |
| 17:32 | Create | Trade Cart |
| 18:16 | Build | Farm |
| 18:38 | Research | Castle Age |
| 18:44 | Create | Trade Cart |
| 19:12 | Build | House |
| 19:15 | Build | House |
| 19:17 | Build | House |
| 19:19 | Build | House |
| 19:46 | Create | Trade Cart |
| 20:30 | Create | Trade Cart |
| 21:06 | Create | Villager (Male) |
| 21:06 | Create | Villager (Male) |
| 21:06 | Create | Villager (Male) |
| 21:07 | Create | Villager (Male) |
| 21:28 | Age | Castle Age |
| 21:32 | Build | Town Center |
| 21:39 | Research | Bow Saw |
| 21:48 | Research | Gold Mining |
| 21:56 | Build | House |
| 22:25 | Create | Villager (Male) |
| 22:25 | Create | Villager (Male) |
| 22:26 | Create | Villager (Male) |
| 22:26 | Create | Villager (Male) |
| 22:51 | Build | Market |
| 23:02 | Create | Villager (Male) |
| 23:02 | Create | Villager (Male) |
| 23:14 | Research | Gold Shaft Mining |
| 23:34 | Create | Villager (Male) |
| 23:34 | Create | Villager (Male) |
| 23:36 | Create | Villager (Male) |
| 23:54 | Create | Trade Cart |
| 24:14 | Create | Villager (Male) |
| 24:14 | Create | Villager (Male) |
| 24:16 | Create | Villager (Male) |
| 24:37 | Create | Villager (Male) |
| 24:37 | Create | Villager (Male) |
| 24:50 | Build | Monastery |
| 24:59 | Build | University |
| 25:08 | Build | House |
| 25:09 | Build | House |
| 25:12 | Build | House |
| 25:14 | Build | House |
| 25:15 | Build | House |
| 25:18 | Build | House |
| 25:24 | Create | Villager (Male) |
| 25:24 | Create | Villager (Male) |
| 25:26 | Create | Villager (Male) |
| 25:26 | Create | Villager (Male) |
| 25:49 | Research | Caravan |
| 25:52 | Create | Trade Cart |
| 25:52 | Create | Trade Cart |
| 26:12 | Build | Town Center |
| 26:26 | Research | Imperial Age |
| 26:35 | Research | Fortified Wall (upgrade) |
| 26:44 | Build | Stone Wall |
| 26:51 | Build | Gate |
| 27:06 | Create | Villager (Male) |
| 27:06 | Create | Villager (Male) |
| 27:07 | Create | Villager (Male) |
| 27:08 | Create | Villager (Male) |
| 27:08 | Create | Villager (Male) |
| 27:08 | Create | Villager (Male) |
| 27:16 | Create | Trade Cart |
| 27:16 | Create | Trade Cart |
Match timeline
| 0:25 | Alankidd07 · wall_segment Palisade Wall x15 |
| 1:36 | Zedarr · wall_segment Palisade Wall x11 |
| 1:40 | thefoolss · wall_segment Palisade Wall x11 |
| 2:33 | Alankidd07 · wall_segment Palisade Wall x13 |
| 11:24 | 32066588 · first_building Barracks |
| 12:06 | Frog 2nd · first_building Barracks |
| 12:09 | Alankidd07 · first_building Barracks |
| 13:08 | 32066588 · age_up feudal |
| 13:12 | Alankidd07 · age_up feudal |
| 13:15 | Frog 2nd · age_up feudal |
| 13:31 | Frog 2nd · first_building Archery Range |
| 13:38 | Frog 2nd · wall_segment Stone Wall x13 |
| 13:41 | thefoolss · age_up feudal |
| 13:51 | Frog 2nd · wall_segment Stone Wall x11 |
| 14:06 | Mert · age_up feudal |
| 14:30 | Zedarr · age_up feudal |
| 15:52 | Zedarr · wall_segment Stone Wall x13 |
| 17:07 | thefoolss · wall_segment Stone Wall x11 |
| 17:13 | thefoolss · wall_segment Stone Wall x15 |
| 18:33 | Mert · first_market_sell 100 food |
| 19:24 | Frog 2nd · age_up castle |
| 21:03 | Frog 2nd · first_building Castle |
| 21:28 | 32066588 · age_up castle |
| 21:34 | Mert · age_up castle |
| 22:20 | thefoolss · wall_segment Stone Wall x1 |
| 22:27 | thefoolss · wall_segment Stone Wall x1 |
| 22:28 | thefoolss · wall_segment Stone Wall x1 |
| 22:29 | thefoolss · wall_segment Stone Wall x1 |
| 22:50 | thefoolss · age_up castle |
| 22:58 | Mert · first_market_buy 100 wood |
| 24:05 | Zedarr · age_up castle |
| 24:50 | 32066588 · first_building Monastery |
| 25:18 | Frog 2nd · first_building Monastery |
| 25:28 | thefoolss · first_building Monastery |
| 25:52 | Alankidd07 · age_up castle |
| 25:58 | Alankidd07 · first_building Castle |
| 26:44 | 32066588 · wall_segment Stone Wall x12 |
| 26:50 | Alankidd07 · first_building Siege Workshop |
| 28:31 | Zedarr · first_building Castle |
| 29:39 | 32066588 · age_up imperial |
| 30:14 | Frog 2nd · first_building Siege Workshop |
| 30:20 | Zedarr · first_building Siege Workshop |
| 30:25 | Zedarr · first_building Barracks |
| 30:42 | Frog 2nd · first_building Stable |
| 30:43 | Alankidd07 · first_building Archery Range |
| 31:05 | 32066588 · first_building Castle |
| 32:13 | 32066588 · first_building Siege Workshop |
| 32:21 | Zedarr · first_building Monastery |
| 32:29 | Frog 2nd · age_up imperial |
| 32:43 | thefoolss · first_building Castle |
| 34:08 | Mert · first_building Castle |
| 34:45 | thefoolss · age_up imperial |
| 34:59 | Zedarr · first_building Archery Range |
| 35:09 | thefoolss · first_market_buy 100 stone |
| 35:41 | Frog 2nd · wall_segment Stone Wall x12 |
| 35:56 | Zedarr · first_building Stable |
| 36:11 | Mert · first_building Stable |
| 36:40 | thefoolss · first_building Barracks |
| 37:12 | Alankidd07 · age_up imperial |
| 37:23 | thefoolss · first_building Archery Range |
| 37:36 | Zedarr · age_up imperial |
| 38:12 | Frog 2nd · wall_segment Stone Wall x12 |
| 38:32 | Mert · age_up imperial |
| 41:41 | 32066588 · first_building Stable |
| 41:49 | Zedarr · first_market_sell 100 wood |
| 41:52 | Alankidd07 · wall_segment Stone Wall x12 |
| 42:01 | Frog 2nd · first_market_sell 100 wood |
| 42:12 | thefoolss · first_building Siege Workshop |
| 42:44 | Frog 2nd · wall_segment Stone Wall x12 |
| 47:53 | Frog 2nd · wall_segment Stone Wall x16 |
| 48:50 | Frog 2nd · wall_segment Stone Wall x11 |
| 48:59 | Frog 2nd · wall_segment Stone Wall x5 |
| 49:13 | Frog 2nd · wall_segment Stone Wall x2 |
| 54:58 | Frog 2nd · wall_segment Stone Wall x17 |
| 56:02 | Frog 2nd · wall_segment Stone Wall x1 |
| 59:03 | Frog 2nd · resign |
| 60:28 | Mert · wall_segment Stone Wall x16 |
[ AI ANALYSIS · 1 CREDIT ]
What really happened in this match?
Wolo.gg analyzes every decision: build order, eco, micro, common mistakes by bracket. Personalized analysis on WhatsApp or Discord in 30 seconds.
Civ guide
Bulgarians
Perfil
Jugador #23744627